Map: Catalisador LE

Players

IagoAbreu

  • Race: Terran Terran
  • League: Gold
  • Spawn Location: 11:00

destructor - Winner!

  • Race: Protoss Protoss
  • League: Gold
  • Spawn Location: 5:00

VOD

Have the link to the VOD?

Description

Time

  • Played on: March 10, 2018, 7:42 a.m.
  • Length: 14:06
Show
View Real Time Build Order
Export as new Build Order

IagoAbreu Terran 

Build Orders:  

Get SALT Encoding   

  12  0:12  Supply Depot  
  12  0:14  SCV  
  13  0:26  SCV  
  14  0:37  Supply Depot  
  14  0:38  SCV  
  15  0:48  Barracks  
  15  0:52  Refinery  
  15  1:06  Engineering Bay  
  15  1:08  SCV  
  16  1:20  SCV  
  17  1:46  Barracks  
  17  1:48  Barracks  
  17  1:54  Barracks Reactor  
  17  1:58  Orbital Command  
  17  2:10  Refinery  
  17  2:16  Terran Infantry Weapons Level 1  
  17  2:24  SCV  
  18  2:31  Supply Depot  
  18  2:39  Marine  
  18  2:40  Marine  
  18  2:42  Barracks Reactor  
  20  2:45  Barracks Reactor  
  20  3:00  Marine x2  
  22  3:26  Marine x4  
  22  3:27  Marine x2  
  26  3:34  Supply Depot  
  28  3:39  SCV, Supply Depot  
  29  3:56  Supply Depot  
  29  3:59  Factory  
  29  4:05  SCV  
  30  4:16  Terran Infantry Armor Level 1  
  30  4:18  Marine x2  
  30  4:19  Marine x2  
  30  4:21  Marine  
  30  4:24  Marine  
  36  4:44  Marine x6  
  42  4:47  Factory Tech Lab  
  40  5:16  SCV  
  41  5:28  SCV  
  42  5:33  Starport  
  42  5:50  Armory  
  42  5:53  Combat Shields  
  42  5:56  Marauder  
  44  6:03  Widow Mine x2  
  48  6:18  Marauder  
  50  6:22  Missile Turret  
  50  6:44  Missile Turret  
  50  6:45  Starport Reactor  
  50  6:50  Widow Mine  
  50  6:51  Widow Mine  
  50  6:52  Marine  
  50  6:53  Marine x3  
  58  6:55  Marauder  
  60  7:13  Missile Turret  
  60  7:51  Marine x2  
  60  7:52  Marine  
  63  8:00  Marine x3  
  63  8:05  Supply Depot  
  66  8:13  Missile Turret  
  66  8:18  Siege Tank  
  69  8:21  Terran Vehicle Weapons Level 1  
  69  8:22  Medivac  
  71  8:35  Missile Turret  
  71  8:40  Marine x3  
  71  8:41  Marine x3  
  77  8:50  Siege Tank  
  80  9:07  Marine x3  
  80  9:08  Marine x3  
  86  9:17  Supply Depot  
  86  9:37  Medivac x2  
  90  9:40  Supply Depot  
  90  10:03  Supply Depot  
  79  10:28  Marine x6  
  28  12:08  Command Center  
  12  12:46  Supply Depot  
Show
View Real Time Build Order
Export as new Build Order

destructor Protoss - Winner!

Build Orders: Oracle Opening 

Get SALT Encoding   

  12  0:01  Probe  
  13  0:13  Probe  
  14  0:27  Pylon, Probe  
  15  0:45  Probe  
  15  0:46  Gateway  
  16  0:58  Probe  
  17  1:05  Assimilator  
  17  1:10  Probe  
  18  1:22  Probe  
  19  1:34  Probe  
  19  1:38  Pylon  
  20  1:55  Cybernetics Core  
  20  1:57  Forge  
  20  2:09  Nexus  
  20  2:18  Pylon  
  20  2:22  Assimilator, Probe  
  21  2:32  Stalker  
  21  2:34  Warp Gate (Chrono Boost), Probe  
  24  2:46  Probe  
  25  3:06  Stargate  
  25  3:12  Zealot  
  27  3:22  Probe (Chrono Boost)  
  28  3:30  Probe (Chrono Boost)  
  28  3:33  Probe (Chrono Boost)  
  30  3:38  Probe (Chrono Boost)  
  30  3:39  Zealot  
  30  3:40  Probe (Chrono Boost)  
  34  3:42  Probe (Chrono Boost)  
  34  3:47  Oracle (Chrono Boost)  
  34  3:48  Probe  
  40  3:55  Probe (Chrono Boost)  
  40  4:00  Probe (Chrono Boost)  
  43  4:10  Probe x2 (Chrono Boost)  
  43  4:15  Probe (Chrono Boost)  
  44  4:18  Probe  
  44  4:22  Pylon  
  44  4:23  Zealot  
  47  4:25  Protoss Ground Weapons Level 1 (Chrono Boost)  
  47  4:26  Probe  
  47  4:27  Pylon  
  47  4:30  Pylon, Probe  
  49  4:36  Robotics Facility  
  49  4:39  Twilight Council  
  49  5:16  Charge  
  49  5:26  Gateway  
  49  5:28  Gateway  
  49  5:30  Gateway, Observer  
  49  5:33  Gateway  
  50  5:36  Gateway  
  50  5:38  Gateway  
  50  5:39  Gateway  
  50  5:41  Zealot  
  50  5:42  Gateway  
  52  5:57  Assimilator  
  52  6:00  Assimilator  
  52  6:01  Probe  
  52  6:03  Pylon  
  53  6:04  Probe  
  53  6:07  Pylon  
  53  6:08  Immortal  
  58  6:12  Protoss Ground Armor Level 1  
  58  6:13  Probe  
  58  6:16  Probe  
  58  6:17  Robotics Bay  
  61  6:25  Probe  
  61  6:28  Probe  
  62  6:37  Zealot x5  
  62  6:38  Zealot x2  
  62  6:39  Zealot  
  78  6:47  Observer  
  79  6:59  Extended Thermal Lance  
  79  7:04  Zealot  
  79  7:05  Zealot x2  
  85  7:19  Pylon  
  85  7:20  Pylon  
  85  7:23  Pylon  
  85  7:26  Pylon  
  85  7:28  Pylon  
  85  7:31  Pylon  
  85  7:34  Colossus (Chrono Boost)  
  91  7:57  Sentry x2  
  95  7:59  Stalker  
  95  8:00  Stalker x3  
  95  8:01  Stalker x2  
  95  8:05  Protoss Shields Level 1 (Chrono Boost)  
  106  8:26  Colossus  
  112  8:38  Zealot x4  
  112  8:39  Zealot x3  
  112  8:40  Zealot x2  
  130  8:54  Pylon  
  130  9:00  Pylon  
  130  9:01  Pylon  
  130  9:04  Pylon  
  130  9:08  Pylon  
  130  9:11  Pylon  
  130  9:16  Stalker x3  
  136  9:17  Stalker x2  
  136  9:18  Stalker  
  142  9:27  Warp Prism (Chrono Boost)  
  144  9:43  Zealot x3  
  138  10:29  Zealot x3  
  138  10:30  Zealot x3  
  138  10:31  Zealot x2  
  138  10:32  Zealot  
  136  10:55  Zealot x5  
  136  10:56  Zealot x3  
  132  11:17  Zealot x2  
  132  11:18  Zealot x3  
  68  12:03  Zealot x2  
  68  12:04  Zealot x2  
  68  12:32  Pylon  
  68  13:05  Nexus  
Tags
 
Add a new tag
Caveats
  • Supply blocks, unpowered buildings, or Contaminate may cause inaccurate times.
  • Supply counts are checked every 10 seconds.